 Dungeon Crawl Stone Soup version 0.19.1-1-g22dce08 (webtiles) character file.

177 TuxedoFelix the Shield-Bearer (level 5, -22/46 HPs)
             Began as a Minotaur Fighter on Jan 15, 2017.
             Killed from afar by an orc wizard (43 damage)
             ... with an exploding inner flame
             ... hexed by the player character
             ... on level 3 of the Dungeon.
             The game lasted 00:13:17 (2404 turns).

TuxedoFelix the Shield-Bearer (Minotaur Fighter)    Turns: 2404, Time: 00:13:18

Health: -22/46     AC:  8    Str: 22    XL:     5   Next: 30%
Magic:  4/4        EV:  8    Int:  5    God:
Gold:   111        SH: 10    Dex:  9    Spells: 0 memorised, 4 levels left

rFire  x . .     SeeInvis .     a - +0 long sword
rCold  + . .     Gourm    .     b - +0 scale mail
rNeg   . . .     Faith    .     c - +0 shield
rPois  .         Spirit   .     (helmet restricted)
rElec  .         Reflect  .     (no cloak)
rCorr  .         Harm     .     j - +0 pair of gloves
MR     .....                    (no boots)
Stlth  ..........               (no amulet)
                                (no ring)
                                i - ring of ice

@: no status effects
A: retaliatory headbutt, horns 2
a: no special abilities


You were on level 3 of the Dungeon.
You were hungry.

You visited 1 branch of the dungeon, and saw 3 of its levels.

You collected 111 gold pieces.

Inventory:

Hand Weapons
 a - a +0 long sword (weapon)
Armour
 b - a +0 scale mail (worn)
 c - a +0 shield (worn)
 j - a +0 pair of gloves (worn)
 r - a +0 pair of gloves
Jewellery
 i - a ring of ice (left hand)
Scrolls
 e - a scroll of random uselessness {unknown}
 g - a scroll of enchant armour {unknown}
 k - a scroll of identify
 m - a scroll of amnesia {unknown}
Potions
 d - a potion of heal wounds {unknown}
 n - a potion of brilliance
 p - a potion of magic {unknown}
 s - a potion of invisibility {unknown}
Comestibles
 f - a bread ration
 h - 2 meat rations


   Skills:
 + Level 4.0 Fighting
 + Level 4.1 Long Blades
 + Level 4.7 Armour
 + Level 1.6 Dodging
 + Level 0.1 Stealth
 + Level 4.9 Shields


You had 4 spell levels left.
You didn't know any spells.

Dungeon Overview and Level Annotations

Branches:
Dungeon (3/15)

Altars:
Xom
Yredelemnul


Innate Abilities, Weirdness & Mutations

You reflexively headbutt those who attack you in melee.
You have a pair of horns on your head.


Message History

The leopard gecko bites you but does no damage.
The orc wizard gestures wildly while chanting.
The orc wizard blinks!
You hit the leopard gecko.
You kill the leopard gecko!
An orc wizard is nearby!
The orc wizard mumbles some strange words.
The orc wizard blinks!
You block the orc wizard's attack.
The orc wizard gestures wildly while chanting.
The orc wizard gestures at you while chanting.
The magic dart hits you!
As you read the scroll labeled SOATYICENI, it crumbles to dust.
The creatures around you are filled with an inner flame!
It was a scroll of immolation.
You hit the orc wizard. You headbutt the orc wizard!
The orc wizard explodes!
The fiery explosion engulfs you! The fire burns you terribly!
Ouch! That really hurt!
You die...

#...# #.##......
.. .
#...####§#...###.
.. .
#.†...o..........
...
#..%###.########
#...# #.#
###.###.# #§§##.#
##§#### #.@# ##.#
#.. ##.. #.. #.#
.# #


There were no monsters in sight!

Vanquished Creatures
  A scorpion (D:3)
  Terence (D:2)
  An adder (D:2)
  3 gnolls (D:3)
  A dart slug (D:1)
  A leopard gecko (D:3)
  2 orcs (D:3)
  A giant cockroach (D:1)
  4 goblins
  7 hobgoblins
  10 jackals
  2 quokkas (D:2)
  A ball python (D:2)
  10 bats
  3 frilled lizards
  7 kobolds
  5 rats (D:1)
  A spectral orc (D:2)
61 creatures vanquished.

Notes
Turn   | Place    | Note
-------+----------+-------------------------------------------
     0 | D:1      | TuxedoFelix the Minotaur Fighter began the quest for the Orb.
     0 | D:1      | Reached XP level 1. HP: 19/19 MP: 0/0
   151 | D:1      | Reached XP level 2. HP: 23/27 MP: 1/1
   418 | D:1      | Reached XP level 3. HP: 33/33 MP: 2/2
   774 | D:1      | Reached skill level 1 in Dodging
  1195 | D:2      | Found a shimmering altar of Xom.
  1195 | D:2      | Noticed Terence
  1198 | D:2      | Found a glowing silver altar of Zin.
  1198 | D:2      | Found a glowing silver altar of Zin.
  1201 | D:2      | Killed Terence
  1203 | D:2      | Found a shadowy altar of Dithmenos.
  1203 | D:2      | Found a glowing golden altar of the Shining One.
  1203 | D:2      | Found a sparkling altar of Nemelex Xobeh.
  1383 | D:2      | Reached XP level 4. HP: 40/40 MP: 3/3
  2023 | D:2      | Found a basalt altar of Yredelemnul.
  2209 | D:3      | Reached XP level 5. HP: 25/46 MP: 4/4
  2404 | D:3      | Killed from afar by an orc wizard

Skill      XL: |  1  2  3  4  5 |
---------------+----------------+-----
Shields        | 4 |  4.9
Armour         | 4 |  4.7
Dodging        | 1 |  1.6
Long Blades    | 3 4 |  4.1
Fighting       | 4 |  4.0
Stealth        | |  0.1

Action                   |  1- 3 |  4- 6 || total
-------------------------+-------+-------++-------
Melee: Long sword        |   108 |    57 ||   165
       Headbutt          |     9 |     8 ||    17
  Use: Scroll            |     1 |     5 ||     6
       Potion            |     1 |       ||     1
  Eat: Chunk             |     2 |     2 ||     4
Armor: Scale mail        |    77 |    26 ||   103
Dodge: Dodged            |    47 |    30 ||    77
Block: Shield            |    78 |    33 ||   111
       Rpst.: Long sword |    13 |     5 ||    18
